 Dungeon Crawl Stone Soup version 0.29-a0-284-gf9362112df (webtiles) character file.

Game seed: 13264729005294445729

27686 bjtr the Archer (level 13, 0/64 HPs)
             Began as a Spriggan Arcane Marksman on Mar 29, 2022.
             Was an Elder of Elyvilon.
             Hit by a silver javelin thrown by a minotaur (3 damage)
             ... in a Gauntlet on Apr 1, 2022.
             The game lasted 02:55:16 (22776 turns).

bjtr the Archer (Spriggan Arcane Marksman)         Turns: 22776, Time: 02:55:18

Health: 0/64       AC: 10    Str:  6    XL:     13   Next: 5%
Magic:  22/38      EV: 25    Int: 20    God:    Elyvilon [****..]
Gold:   856        SH:  0    Dex: 21    Spells: 11/34 levels left

rFire   + + .      SeeInvis +   d - +4 arbalest of Pyareyn {penet, rElec rF++ Will+ Stlth+}
rCold   . . .      Faith    .   (shield currently unavailable)
rNeg    . . .      Spirit   .   T - +0 troll leather armour
rPois   .          Reflect  .   t - +1 hat {Int+3}
rElec   +          Harm     .   l - +0 cloak {rCorr}
rCorr   +          Rampage  .   (gloves unavailable)
Will    +++..      NoTele   +   (boots unavailable)
Stlth   ++++++....              Z - amulet "Takungok" {Acrobat MP+9 Dex+3 SInv}
HPRegen 1.00/turn               f - ring "Tibrivywo" {Wiz rCorr Slay+6}
MPRegen 0.26/turn               M - +4 ring of protection

@: very quick
A: very small, no large weapons, unfitting armour, see invisible, speed 3
a: Renounce Religion, Purification, Heal Other, Heal Self


You were in a Gauntlet.
You worshipped Elyvilon.
Elyvilon was greatly pleased with you.
You visited 2 branches of the dungeon, and saw 15 of its levels.
You also visited: Sewer and Gauntlet.

You collected 892 gold pieces.
You spent 36 gold pieces at shops.

Inventory:

Hand Weapons
 a - a +4 shortbow
 b - a +4 dagger
 d - the +4 arbalest of Pyareyn (weapon) {penet, rElec rF++ Will+ Stlth+}
   (You found it in a Gauntlet)

   Any ammunition fired by it passes through the targets it hits, potentially
   hitting all targets in its path until it reaches maximum range.
   rF:        It greatly protects you from fire.
   rElec:     It insulates you from electricity.
   Will:      It increases your willpower.
   Stlth:     It makes you more stealthy.
 j - the +4 flail of Jocent {venom, *Noise +Blink rC+ rN++}
   (You found it in a Gauntlet)

   It poisons the flesh of those it strikes.
   rC:        It protects you from cold.
   rN:        It greatly protects you from negative energy.
   +Blink:    It lets you blink.
   *Noise:    It may make noises in combat.
 y - the +4 shortbow "Siolykk" {venom, rC+ rN++ Str-4 Dex+3}
   (You found it on level 13 of the Dungeon)

   Any ammunition fired from it poisons the flesh of those it strikes.
   Str:       It affects your strength (-4).
   Dex:       It affects your dexterity (+3).
   rC:        It protects you from cold.
   rN:        It greatly protects you from negative energy.
 K - a +1 short sword of venom
 U - the +10 hand axe "Quritaolarr" {venom, Fragile rC+ SInv}
   (You took it off an orc on level 10 of the Dungeon)

   It poisons the flesh of those it strikes.
   rC:        It protects you from cold.
   SInv:      It lets you see invisible.
   Fragile:   It will be destroyed if unequipped.
 X - a +1 scimitar of flaming
Missiles
 i - 41 poisoned darts
 L - a throwing net
 N - 2 atropa-tipped darts
Armour
 l - a +0 cloak of preservation (worn)
 t - a +1 hat of intelligence (worn)
 E - a +1 robe of resistance
 T - a +0 troll leather armour (worn)
 Y - +0 acid dragon scales
Jewellery
 e - a +6 ring of dexterity
 f - the ring "Tibrivywo" (left hand) {Wiz rCorr Slay+6}
   (You acquired it on level 7 of the Dungeon)

   [ring of wizardry]

   It improves your spell success rate.
   Slay:      It affects your accuracy & damage with ranged weapons and melee
   (+6).
   rCorr:     It protects you from acid and corrosion.
 o - a ring of willpower
 F - a ring of poison resistance
 M - a +4 ring of protection (right hand)
 Z - the amulet "Takungok" (around neck) {Acrobat MP+9 Dex+3 SInv}
   (You found it on level 11 of the Dungeon)

   [amulet of the acrobat]

   It increases your evasion while moving and waiting.
   Dex:       It affects your dexterity (+3).
   MP:        It affects your magic capacity (+9).
   SInv:      It lets you see invisible.
Wands
 s - a wand of flame (33)
 I - a wand of mindburst (4)
 O - a wand of charming (6)
 P - a wand of polymorph (17)
Scrolls
 c - 2 scrolls of vulnerability
 g - 4 scrolls of immolation
 h - a scroll of identify
 q - 5 scrolls of teleportation
 G - 2 scrolls of fear
Potions
 k - 5 potions of cancellation
 p - 3 potions of brilliance
 v - 3 potions of might
 B - a potion of magic
 C - a potion of ambrosia
 H - 3 potions of curing
 R - 4 potions of flight


   Skills:
 + Level 5.4 Fighting
 + Level 13.5 Bows
 * Level 11.1 Dodging
 * Level 12.4 Stealth
 + Level 11.1 Spellcasting
 * Level 11.2 Hexes
 + Level 1.0 Translocations
 + Level 2.2 Transmutations
 + Level 2.4 Poison Magic
 * Level 6.9 Evocations


You had 11 spell levels left.
You knew the following spells:

 Your Spells              Type           Power      Damage    Failure   Level
a - Slow                  Hex            100%       N/A       1%          1
b - Confusing Touch       Hex            54%        N/A       1%          3
c - Portal Projectile     Hex/Tloc       70%        N/A       1%          3
d - Cause Fear            Hex            27%        N/A       1%          4
e - Inner Flame           Hex/Fire       33%        N/A       1%          3
f - Teleport Other        Tloc           15%        N/A       8%          3
g - Mephitic Cloud        Conj/Pois/Air  14%        N/A       9%          3
h - Ignite Poison         Fire/Tmut/Pois 17%        N/A       6%          3

Your spell library contained the following spells:

 Spells                   Type           Power      Damage    Failure   Level
 Beastly Appendage        Tmut           40%        N/A       1%          1
 Summon Guardian Golem    Hex/Summ       33%        N/A       1%          3
 Apportation              Tloc           30%        N/A       2%          1
 Wereblood                Tmut           20%        N/A       2%          2
 Animate Skeleton         Necr           22%        N/A       4%          1
 Summon Small Mammal      Summ           44%        N/A       4%          1
 Spider Form              Tmut/Pois      20%        N/A       4%          3
 Leda's Liquefaction      Hex/Erth       16%        N/A       4%          4
 Yara's Violent Unravell  Hex/Tmut       19%        3d9       7%          5
 Gell's Gravitas          Tloc           15%        N/A       8%          3
 Call Canine Familiar     Summ           11%        N/A       12%         3
 Enfeeble                 Hex            27%        N/A       32%         7
 Airstrike                Air            5%         N/A       34%         4
 Summon Lightning Spire   Summ/Air       11%        N/A       34%         4
 Freezing Cloud           Conj/Ice/Air   5%         6-21      69%         5
 Lightning Bolt           Conj/Air       5%         1d17      69%         5
 Dispersal                Tloc           7%         N/A       98%         6


Dungeon Overview and Level Annotations

Branches:
Dungeon (14/15)            Temple (1/1) D:7            Lair (0/6) D:9
    Orc (0/2) D:12         Vaults (0/5) D:13          Sewer (visited)
Gauntlet (1/1)

Altars:
Ashenzari
Cheibriados
Dithmenos
Elyvilon
Fedhas
Gozag
Hepliaklqana
Kikubaaqudgha
Makhleb
Nemelex Xobeh
Okawaru
Qazlal
Ru
Sif Muna
Trog
Uskayaw
Vehumet
Wu Jian
Xom
Yredelemnul
Zin
The Shining One
Lugonu

Shops:
D:4 [   D:6 !

Portals:
Trove: D:13 (give horn of Geryon)

Annotations:
D:8 3 runed translucent doors, rabbitsville's ghost, novice MfIE
D:10 1 runed translucent door Gauntlet 8 transporters


Innate Abilities, Weirdness & Mutations

You are very small and have problems with some larger weapons.
You are too small for most types of armour.
You have supernaturally acute eyesight. (SInv)
You cover ground extremely quickly. (Speed+++)


Message History

Shoot: d) +4 arbalest of Pyareyn {penet, rElec rF++ Will+ Stlth+}
Press: ? - help, Shift-Dir - straight line, f - minotaur
Aim: a minotaur, wielding a +2 hand axe of freezing, wearing a +0 plate armour, wearing a +2 tower shield and quivering silver javelins (flame, lightly wounded, 87% to hit)
You shoot a bolt. The bolt pierces through the minotaur.
The minotaur is moderately wounded.
You start to feel less resistant.
The minotaur is engulfed in blazing flames.
The minotaur throws a silver javelin.
The silver javelin pierces through you!
The minotaur is engulfed in blazing flames.
Shoot: d) +4 arbalest of Pyareyn {penet, rElec rF++ Will+ Stlth+}
Press: ? - help, Shift-Dir - straight line, f/p - minotaur
Aim: a minotaur, wielding a +2 hand axe of freezing, wearing a +0 plate armour, wearing a +2 tower shield and quivering silver javelins (heavily wounded, 87% to hit)
You shoot a bolt. The bolt pierces through the minotaur!!
The minotaur is severely wounded.
Your resistance to elements expires.
The minotaur throws a silver javelin.
The silver javelin pierces through you.
Shoot: d) +4 arbalest of Pyareyn {penet, rElec rF++ Will+ Stlth+}
Press: ? - help, Shift-Dir - straight line, f/p - minotaur
Aim: a minotaur, wielding a +2 hand axe of freezing, wearing a +0 plate armour, wearing a +2 tower shield and quivering silver javelins (severely wounded, 87% to hit)
You shoot a bolt. The bolt pierces through the minotaur!
The minotaur is severely wounded.
The minotaur throws a silver javelin.
The silver javelin pierces through you!!
The minotaur throws a silver javelin.
The silver javelin pierces through you!
* * * LOW HITPOINT WARNING * * *
x2
Okay, then.
You are healed.
Casting: Slow (safe; 1% risk of failure)
Confirm with . or Enter, or press ? or * to list all spells.
Aiming: Mephitic Cloud (dangerous; 9% risk of failure)
Press: ? - help, Shift-Dir - straight line, f/p - minotaur
Aim: a minotaur, wielding a +2 hand axe of freezing, wearing a +0 plate armour, wearing a +2 tower shield and quivering silver javelins (severely wounded, chance to affect: 34%)
The ball explodes into a vile cloud!
The stinking cloud engulfs the minotaur but does no damage.
The minotaur is severely wounded.
The minotaur is engulfed in noxious fumes.
The minotaur throws a silver javelin.
The silver javelin pierces through you!!
* * * LOW HITPOINT WARNING * * *
You die...

≈∩ .. ###. ... ######'#######
.............# .###.###.###.#
#.###.###.###.# #.....@☼H☼....#
###.###○###.###
#####.###.###.#####
#≈...............§#
####8.8.8..©.©..8.8.8#### ##
#8##≈...............≈##8# #8
###############################
#≈............≈∩§..............
#..............................


You could see a minotaur.

Vanquished Creatures
  Gastronok (D:9)
  A boulder beetle (D:11)
  6 two-headed ogres
  Erica (D:11)
  2 death knights (D:13)
  A centaur warrior (D:13)
  2 skeletal warriors (D:13)
  2 phantasmal warriors (D:13)
  An ugly thing (D:13)
  An orc knight (D:13)
  A cyclops (D:13)
  2 manticores
  Maurice (D:8)
  4 centaur skeletons (D:13)
  A kobold demonologist (D:12)
  2 unseen horrors
  A yaktaur (D:11)
  An efreet (D:13)
  3 komodo dragons
  2 trolls
  3 tyrant leeches (D:10)
  2 hornets (D:9)
  3 slime creatures (D:13)
  A shadow (D:10)
  2 vampires (D:10)
  3 wraiths
  4 wyverns
  15 yaks
  16 vampire mosquitoes
  A steam dragon (D:7)
  3 acid dragons
  3 water moccasins
  An orc warrior (D:7)
  An ice beast (D:7)
  A boggart (D:13)
  A black bear (D:5)
  2 ogres (D:5)
  7 centaurs
  2 phantoms
  5 kobold brigands
  3 necrophages
  3 scorpions
  3 bullfrogs
  3 wights (D:7)
  14 killer bees
  8 howler monkeys
  2 hounds
  2 jellies
  4 orc priests
  A gnoll shaman (D:8)
  Jessica (D:3)
  4 iguanas
  18 orc wizards
  Ijyb (D:3)
  16 gnolls
  2 adders
  3 shadow imps
  2 white imps (D:5)
  An adder skeleton (D:2)
  4 worms
  5 dart slugs
  42 orcs
  9 ball pythons
  A bat skeleton (D:2)
  11 endoplasms
  5 giant cockroaches
  5 goblins
  2 hobgoblins
  17 jackals
  4 quokkas
  15 bats
  3 frilled lizards
  30 kobolds
  9 rats
365 creatures vanquished.

Vanquished Creatures (others)
  4 fungi (Gauntlet)
  22 plants
  6 withered plants (D:2)
32 creatures vanquished.

Grand Total: 397 creatures vanquished

Notes
Turn   | Place    | Note
-------+----------+-------------------------------------------
     0 | D:1      | bjtr the Spriggan Arcane Marksman began the quest for the
                  | Orb.
     0 | D:1      | Reached XP level 1. HP: 9/9 MP: 3/3
    56 | D:1      | Reached XP level 2. HP: 14/14 MP: 1/5
   353 | D:1      | Reached skill level 3 in Bows
   387 | D:1      | Reached XP level 3. HP: 13/17 MP: 6/6
   487 | D:1      | Found a faded altar of an unknown god.
  1241 | D:2      | Reached skill level 1 in Fighting
  1615 | D:2      | Reached skill level 1 in Stealth
  1624 | D:2      | Reached XP level 4. HP: 22/22 MP: 8/8
  1628 | D:2      | Learned a level 3 spell: Confusing Touch
  2719 | D:3      | Found a shimmering blue altar of Sif Muna.
  2719 | D:3      | Noticed Jessica
  2725 | D:3      | Killed Jessica
  2726 | D:3      | Reached skill level 4 in Bows
  2735 | D:3      | Got Sif Muna's Incunabulum of Calling
  2740 | D:3      | Found a bloodstained altar of Trog.
  2891 | D:3      | Found a radiant altar of Vehumet.
  2909 | D:3      | Reached XP level 5. HP: 25/25 MP: 9/9
  2991 | D:3      | Noticed Ijyb
  3036 | D:3      | Killed Ijyb
  3432 | D:3      | Found a sacrificial altar of Ru.
  3648 | D:4      | Found a glowing drain.
  3675 | Sewer    | Entered a sewer
  3680 | Sewer    | Learned a level 3 spell: Portal Projectile
  4293 | Sewer    | Reached XP level 6. HP: 17/30 MP: 8/12
  4452 | Sewer    | Reached skill level 5 in Bows
  4961 | D:4      | Found Sifiz's Armour Shop.
  5058 | D:4      | Reached skill level 5 in Hexes
  5351 | D:4      | Reached XP level 7. HP: 34/34 MP: 13/13
  5577 | D:4      | Found a glowing golden altar of the Shining One.
  5762 | D:5      | Entered Level 5 of the Dungeon
  5989 | D:5      | Reached skill level 6 in Bows
  6252 | D:5      | Reached skill level 5 in Dodging
  6259 | D:5      | HP: 1/34 [poisoned by a scorpion]
  6965 | D:5      | Reached skill level 7 in Bows
  6965 | D:5      | Reached XP level 8. HP: 39/39 MP: 15/15
  6992 | D:5      | Reached skill level 5 in Stealth
  7525 | D:5      | You fall into a shaft and drop 1 floor!
  7849 | D:6      | Reached skill level 5 in Spellcasting
  7868 | D:6      | Reached skill level 8 in Bows
  8131 | D:6      | Found Ravostrot's Distillery.
  8147 | D:6      | Bought a potion of curing for 36 gold pieces
  8790 | D:7      | Reached XP level 9. HP: 43/43 MP: 16/18
  9316 | D:7      | Reached skill level 9 in Bows
  9402 | D:7      | Found a glowing silver altar of Zin.
 10026 | D:7      | Found a staircase to the Ecumenical Temple.
 10141 | Temple   | Entered the Ecumenical Temple
 10184 | Temple   | Became a worshipper of Elyvilon the Healer
 10336 | D:8      | Learned a level 4 spell: Cause Fear
 10340 | D:8      | Learned a level 3 spell: Inner Flame
 10642 | D:8      | Found a runed translucent gate.
 10643 | D:8      | Found a runed translucent gate.
 10644 | D:8      | Found a runed translucent gate.
 10646 | D:8      | Noticed a kobold demonologist
 10646 | D:8      | Noticed rabbitsville's ghost (novice MfIE)
 10772 | D:8      | Noticed Maurice
 11170 | D:8      | Killed Maurice
 11171 | D:8      | Reached skill level 10 in Bows
 11507 | D:9      | Noticed Gastronok
 11627 | D:9      | Killed Gastronok
 11628 | D:9      | Reached XP level 10. HP: 26/49 MP: 0/21
 11809 | D:9      | Reached skill level 11 in Bows
 11900 | D:9      | Reached skill level 1 in Evocations
 12104 | D:9      | Reached * piety under Elyvilon
 12508 | D:9      | Found a shimmering altar of Xom.
 12661 | D:9      | Found a staircase to the Lair.
 12675 | D:9      | Found an ornate altar of the Wu Jian Council.
 13278 | D:9      | Found a sparkling altar of Nemelex Xobeh.
 13548 | D:10     | Entered Level 10 of the Dungeon
 13839 | D:10     | Found a runed translucent door.
 14134 | D:10     | Reached XP level 11. HP: 54/54 MP: 21/24
 14230 | D:10     | Identified the +10 hand axe "Quritaolarr" {venom, Fragile
                  | rC+ SInv}
 14403 | D:10     | Reached ** piety under Elyvilon
 14432 | D:10     | Found a stormy altar of Qazlal.
 14443 | D:10     | Noticed a two-headed ogre
 14458 | D:10     | Killed a two-headed ogre
 14628 | D:10     | Noticed a two-headed ogre
 14631 | D:10     | Reached skill level 10 in Stealth
 14759 | D:10     | Found a burning altar of Makhleb.
 14759 | D:10     | Noticed a sixfirhy
 14786 | D:10     | Learned a level 3 spell: Teleport Other
 14792 | D:10     | Found a snail-covered altar of Cheibriados.
 14825 | D:10     | Found a hazy altar of Hepliaklqana.
 14867 | D:10     | Found a basalt altar of Yredelemnul.
 14867 | D:10     | Found a hide-covered altar of Uskayaw.
 15007 | D:10     | Killed a two-headed ogre
 15241 | D:10     | Found the +8 Vampire's Tooth {vamp}
 15384 | D:10     | Found a broken altar of Ashenzari.
 15466 | D:11     | Noticed Erica
 15517 | D:11     | Killed Erica
 15518 | D:11     | Reached skill level 12 in Bows
 15518 | D:11     | Reached skill level 1 in Translocations
 16140 | D:11     | Identified the amulet "Takungok" {Acrobat MP+9 Dex+3 SInv}
 16420 | D:11     | Reached *** piety under Elyvilon
 16535 | D:11     | Noticed a boulder beetle
 16734 | D:11     | Learned a level 3 spell: Mephitic Cloud
 16738 | D:11     | Learned a level 3 spell: Ignite Poison
 16830 | D:11     | Killed a boulder beetle
 16831 | D:11     | Reached skill level 10 in Hexes
 17509 | D:12     | Reached skill level 10 in Spellcasting
 17780 | D:12     | Reached XP level 12. HP: 51/59 MP: 25/27
 18019 | D:12     | Found a staircase to the Orcish Mines.
 18280 | D:13     | Reached skill level 10 in Dodging
 18308 | D:13     | Identified the +4 shortbow "Siolykk" {venom, rC+ rN++ Str-4
                  | Dex+3}
 18327 | D:13     | Noticed a two-headed ogre
 18342 | D:13     | Killed a two-headed ogre
 18361 | D:13     | Reached skill level 5 in Evocations
 18650 | D:13     | Noticed a death knight
 18667 | D:13     | Killed a death knight
 18668 | D:13     | Reached skill level 5 in Fighting
 18972 | D:13     | Reached **** piety under Elyvilon
 19278 | D:13     | Reached skill level 1 in Transmutations
 19288 | D:13     | Reached skill level 13 in Bows
 19299 | D:13     | Reached skill level 1 in Poison Magic
 19484 | D:13     | Noticed a death knight
 19938 | D:13     | Noticed a centaur warrior
 19977 | D:13     | Killed a centaur warrior
 20378 | D:13     | HP: 1/60 [skeletal warrior/+0 hand axe (19)]
 20619 | D:13     | Found a gate to the Vaults.
 20809 | D:13     | Noticed a two-headed ogre
 20822 | D:13     | Killed a two-headed ogre
 21019 | D:13     | Killed a death knight
 21252 | D:13     | HP: 1/60 [skeletal warrior/+0 halberd[a death knight] (26)]
 21451 | D:13     | Noticed a two-headed ogre
 21453 | D:13     | Found a portal to a secret trove of treasure.
 21532 | D:13     | Killed a two-headed ogre
 21533 | D:13     | Reached XP level 13. HP: 63/63 MP: 29/29
 22047 | D:7      | Identified a scroll of acquirement
 22047 | D:7      | Acquired the ring "Tibrivywo" {Wiz rCorr Slay+6}
 22234 | D:14     | Found a gate leading to a gauntlet.
 22272 | Gauntlet | Entered a Gauntlet
 22272 | Gauntlet | Found a transporter.
 22272 | Gauntlet | Found a transporter.
 22289 | Gauntlet | Found a transporter.
 22292 | Gauntlet | Found a transporter.
 22303 | Gauntlet | Found a transporter.
 22322 | Gauntlet | Noticed a quicksilver ooze
 22329 | Gauntlet | Found a transporter.
 22330 | Gauntlet | Found a transporter.
 22352 | Gauntlet | Found a transporter.
 22389 | Gauntlet | Found a transporter.
 22401 | Gauntlet | Found a transporter.
 22415 | Gauntlet | Found a transporter.
 22425 | Gauntlet | Found a transporter.
 22688 | Gauntlet | Identified the +4 arbalest of Pyareyn {penet, rElec rF++
                  | Will+ Stlth+}
 22704 | Gauntlet | Identified the +4 flail of Jocent {venom, *Noise +Blink rC+
                  | rN++}
 22760 | Gauntlet | Noticed a minotaur
 22776 | Gauntlet | HP: 3/64 [minotaur/silver javelin (20)]
 22776 | Gauntlet | Hit by a silver javelin thrown by a minotaur

Illustrated notes

Levels and vault maps discovered:
D:1:      dpeg_arrival_rooms_a, layout_rooms,
          hellmonk_ecumenical_altar_dog_temple
D:2:      minmay_skewed_foursquare, layout_loops_corners, serial_undead,
          serial_undead_f, serial_undead_e, serial_undead_e, serial_undead_b
D:3:      layout_loops_cross, nzn_overflow_gifts_of_might_and_magic,
          mainiacjoe_overflow_chevrons, vehumet_altar_wand_db,
          nicolae_concentric_dashed_squares_mild, uniq_ijyb
D:4:      layout_layer_cave, tso_oasis_becter, cheibrodos_sewer_entry_bend,
          serial_shops, nicolae_shop_hallway_stairs
D:5:      layout_basic
D:6:      layout_loops_cross, serial_shops, nicolae_stop_n_shop_1
D:7:      layout_loops_cross, zin_treasury, temple_statues, st_stairs_5,
          kennysheep_generic_room_14
D:8:      layout_basic, gammafunk_ghost_nasty_kobolds,
          chequers_decorated_corner, minmay_misc_feat_x, dreamdust_wishing_well,
          uniq_maurice
D:9:      layout_long_grid, nemelex_diamond_rough_becter,
          mainiacjoe_overflow_six_doors_small, old_standard_altar,
          david_lair_shrubbed, serial_glass, glass_columns_a, glass_columns_a,
          uniq_gastronok
D:10:     layout_big_octagon, nzn_makhleb_speed_demon,
          nicolae_qazlal_style_of_elements, gammafunk_temple_overflow_pools,
          nzn_hepliaklqana_mist_gate, mainiacjoe_overflow_catwalk,
          mainiacjoe_overflow_alcove_2, corexii_mini_fake_secret_closet,
          minmay_guarded_unrand_vampires_tooth
D:11:     layout_cave_pods, uniq_erica
D:12:     layout_basic, orc_0_dummy
D:13:     layout_cave_pods, hangedman_vaults_entry_quadrant_bands,
          enter_trove_3, bh_walls_and_bars
D:14:     layout_loops_ring, gauntlet_entry_generic, kennysheep_small_spiral,
          ebering_ghost_gozag, cheibriados_altar_1
Temple:   corrupted_temple
Gauntlet: gammafunk_gauntlet_shortcut [nicolae_gauntlet_arena_grate_2,
          gammafunk_gauntlet_arena_hedges, gammafunk_gauntlet_arena_crates,
          nicolae_gauntlet_swirl, gammafunk_gauntlet_arena_open,
          gammafunk_gauntlet_arena_chambers, gauntlet_exit_watery]

Skill      XL: |  1  2  3  4  5  6  7  8  9 10 11 12 |
---------------+-------------------------------------+-----
Dodging        | 3 4 5 6 7 8 9 11 | 11.1
Hexes          | 4 5 6 7 8 10 11 | 11.2
Bows           | 3 4 5 7 8 10 11 12 13 | 13.5
Spellcasting   | 2 3 4 5 6 8 10 11 | 11.1
Fighting       | 1 2 3 4 5 |  5.4
Stealth        | 1 2 3 4 6 8 9 11 12 | 12.4
Evocations     | 1 4 6 |  6.9
Translocations | 1 |  1.0
Transmutations | 2 |  2.2
Poison Magic   | 2 |  2.4

Action                   |  1- 3 |  4- 6 |  7- 9 | 10-12 | 13-15 || total
-------------------------+-------+-------+-------+-------+-------++-------
Melee: Short sword       |       |     1 |    16 |       |       ||    17
       Dagger            |       |       |    22 |    80 |       ||   102
       Punch             |       |       |     1 |     2 |       ||     3
 Fire: Shortbow          |   134 |   264 |   441 |   688 |    23 ||  1550
       Arbalest          |       |       |       |       |     3 ||     3
 Cast: Slow              |    23 |    28 |    37 |   109 |     2 ||   199
       Confusing Touch   |       |     1 |     1 |       |       ||     2
       Portal Projectile |       |     1 |     2 |     4 |       ||     7
       Inner Flame       |       |       |     1 |    31 |       ||    32
       Cause Fear        |       |       |       |     8 |       ||     8
       Mephitic Cloud    |       |       |       |    44 |     6 ||    50
       Ignite Poison     |       |       |       |    29 |     3 ||    32
Invok: Heal Self         |       |       |       |     1 |     1 ||     2
Evoke: Wand              |       |       |     4 |    23 |       ||    27
  Use: Scroll            |     2 |     5 |     7 |    10 |     2 ||    26
       Potion            |       |       |     6 |     4 |     2 ||    12
 Stab: Sleeping          |       |       |       |     4 |       ||     4
Armor: Robe              |     8 |    17 |    13 |    12 |       ||    50
       Troll leather arm |       |       |       |    34 |     4 ||    38
Dodge: Dodged            |    45 |   109 |   117 |   356 |    44 ||   671

Table legend: (Time is in decaauts)
 A = Elapsed time spent in this place.
 B = Non-inter-level travel time spent in this place.
 C = Inter-level travel time spent in this place.
 D = Time resting spent in this place.
 E = Time spent auto-exploring this place.
 F = Levels seen in this place.
 G = Mean time per level.
                   A        B        C        D        E       F      G
               +--------+--------+--------+--------+--------+-----+--------+
         Total |  18283 |  17643 |    640 |   7379 |   5760 |  17 | 1075.5 |
       Dungeon |  16909 |  16289 |    620 |   7005 |   5281 |  14 | 1207.8 |
        Temple |     55 |     35 |     20 |      0 |     15 |   1 |   55.0 |
         Sewer |    988 |    988 |      0 |    359 |    354 |   1 |  988.0 |
      Gauntlet |    329 |    329 |      0 |     15 |    108 |   1 |  329.0 |
               +--------+--------+--------+--------+--------+-----+--------+

Top non-repeatable levels by time:
    D:13: 2856 daAuts
     D:9: 1836 daAuts
     D:7: 1408 daAuts
    D:11: 1374 daAuts
    D:10: 1350 daAuts
     D:5: 1215 daAuts
     D:4: 1176 daAuts
     D:2: 1065 daAuts
     D:8: 990 daAuts
   Sewer: 988 daAuts
    D:12: 958 daAuts
     D:1: 939 daAuts
     D:6: 854 daAuts
     D:3: 854 daAuts
Gauntlet: 329 daAuts
